 Dungeon Crawl Stone Soup version 0.25-a0-1130-g3926558f3a (webtiles) character file.

Game seed: 4181680087835665458, levelgen mode: deterministic

219624 Flugslaktarn the Tortoise (level 18, -1/256 (259) HPs)
             Began as a Minotaur Fighter on May 19, 2020.
             Was an Initiate of Gozag.
             Slain by an azure jelly (8 damage)
             ... created by the Royal Jelly
             ... on level 5 of the Pits of Slime.
             The game lasted 00:23:57 (29370 turns).

Flugslaktarn the Tortoise (Minotaur Fighter)       Turns: 29370, Time: 00:23:57

HP:   -1/256 (259)  AC: 38    Str: 18    XL:     18   Next: 1%
MP:   19/21         EV: 10    Int:  7    God:    Gozag
Gold: 7575          SH: 15    Dex:  7    Spells: 17/17 levels left

rFire    + . .     SeeInvis .   y - +3 broad axe "Romoewk" {drain, rPois rC+ Str-4}
rCold    + + .     Gourm    .   C - +2 kite shield {rC+}
rNeg     + + +     Faith    .   R - +10 plate armour "Ocveoc" {*Slow rN+++ Int+6 Dex-5}
rPois    +         Spirit   .   K - +2 hat {MR+}
rElec    .         Reflect  .   N - +2 cloak {rCorr}
rCorr    +         Harm     .   J - +0 pair of gloves of the End {rF+} (curse)
MR       ++++.     Rnd*Rage +   D - +2 pair of boots
Stlth    ..........             I - necklace of Bloodlust {*Rage +Rage MR++ Int-3 Slay+6 *Curse}
HPRegen  0.52/turn              p - +4 ring of protection
MPRegen  0.17/turn              X - ring "Fomemeg" {+Inv rPois Slay+5}

@: berserking, corroded, gold aura, very quick
A: retaliatory headbutt, horns 2, iridescent scales 1, berserk 1, clumsy 1,
dopey 1, screaming 1, weak 1
}: 2/15 runes: decaying, serpentine
a: Potion Petition, Call Merchant, Bribe Branch, Renounce Religion, Evoke
Berserk Rage, Evoke Invisibility


You were on level 5 of the Pits of Slime.
You worshipped Gozag.
Gozag was greatly pleased with you.
You were not hungry.

You visited 7 branches of the dungeon, and saw 37 of its levels.
You visited 1 bazaar.
You also visited: Gauntlet.

You collected 12995 gold pieces.
You spent 3160 gold pieces at shops.
You paid 2260 gold pieces to Gozag.

Inventory:

Hand Weapons
 a - a +0 vorpal war axe
 j - a +0 vorpal hand axe
   (You found it on level 1 of the Dungeon)
 y - the +3 broad axe "Romoewk" (weapon) {drain, rPois rC+ Str-4}
   (You acquired it on level 11 of the Dungeon)

   A truly terrible weapon, it drains the life of those it strikes.
   It affects your strength (-4).
   It protects you from cold.
   It protects you from poison.
Missiles
 s - 3 throwing nets (quivered)
Armour
 f - a +0 plate armour
   (You found it on level 4 of the Dungeon)
 C - a +2 kite shield of cold resistance (worn)
   (You took it off a tengu warrior on level 13 of the Dungeon)
 D - a +2 pair of boots (worn)
   (You found it on level 2 of the Dungeon)
 J - the cursed +0 pair of gloves of the End (worn) {rF+}
   (You found it on level 4 of the Swamp)

   It protects you from fire.
   It has a curse placed upon it.
 K - a +2 hat of magic resistance (worn)
   (You acquired it on level 4 of the Lair of Beasts)
 N - a +2 cloak of preservation (worn)
   (You found it in a Gauntlet)
 O - a +0 pair of gloves of strength
   (You found it in a Gauntlet)
 R - the +10 plate armour "Ocveoc" (worn) {*Slow rN+++ Int+6 Dex-5}
   (You bought it in a shop in a bazaar)

   It affects your intelligence (+6).
   It affects your dexterity (-5).
   It renders you almost immune to negative energy.
   It may slow you when you take damage.
Jewellery
 p - a +4 ring of protection (left hand)
   (You bought it in a shop on level 2 of the Orcish Mines)
 F - a +6 ring of dexterity
   (You found it on level 9 of the Dungeon)
 I - the necklace of Bloodlust (around neck) {*Rage +Rage MR++ Int-3 Slay+6 *Curse}
   (You found it in a Gauntlet)

   [amulet of nothing]

   It affects your intelligence (-3).
   It affects your accuracy and damage with ranged weapons and melee attacks
   (+6).
   It affects your resistance to hostile enchantments.
   It lets you go berserk.
   It may make you go berserk in combat.
   It curses itself when equipped.
 Q - the ring of Amelioration {rElec rC+ Str+2 Dex+3 SInv}
   (You found it on level 14 of the Dungeon)

   [ring of see invisible]

   It affects your strength (+2).
   It affects your dexterity (+3).
   It protects you from cold.
   It insulates you from electricity.
   It lets you see invisible.
 X - the ring "Fomemeg" (right hand) {+Inv rPois Slay+5}
   (You bought it in a shop on level 2 of the Orcish Mines)

   [ring of poison resistance]

   It affects your accuracy and damage with ranged weapons and melee attacks
   (+5).
   It protects you from poison.
   It lets you turn invisible.
Wands
 o - a wand of acid (15)
   (You took it off Ijyb on level 4 of the Dungeon)
 u - a wand of clouds (22)
   (You took it off an orc on level 10 of the Dungeon)
 v - a wand of digging (4)
   (You found it on level 2 of the Lair of Beasts)
 G - a wand of iceblast (31)
   (You found it on level 9 of the Dungeon)
 L - a wand of enslavement (14)
   (You found it in a Gauntlet)
Scrolls
 b - 2 scrolls of enchant weapon
 c - 2 scrolls of enchant armour
 i - 9 scrolls of fog
 r - 5 scrolls of identify
 t - 12 scrolls of teleportation
 x - 17 scrolls of remove curse
 z - 2 scrolls of blinking
 A - 2 scrolls of vulnerability
 B - a scroll of holy word
 H - 5 scrolls of immolation
 P - 3 scrolls of magic mapping
 S - 6 scrolls of fear
 W - 3 scrolls of silence
Potions
 d - 7 potions of might
 g - 4 potions of lignification
 h - 2 potions of invisibility
 l - 4 potions of haste
 m - 5 potions of brilliance
 n - 3 potions of resistance
 q - 13 potions of curing
 w - 11 potions of heal wounds
 E - 5 potions of ambrosia
 M - 3 potions of magic
Miscellaneous
 k - a tin of tremorstones (3/3)
   (You bought it in a shop on level 13 of the Dungeon)
Comestibles
 e - 23 rations


   Skills:
 + Level 18.6 Fighting
 - Level 18.0 Axes
 + Level 18.7 Armour
 + Level 12.6 Dodging
 - Level 15.0 Shields
 - Level 6.0 Evocations


You had 17 spell levels left.
You didn't know any spells.
Your spell library contained the following spells:

 Spells                   Type           Power        Failure   Level  Hunger
 Recall                   Summ/Tloc      N/A          100%        3    ####...
 Petrify                  Tmut/Erth      #.......     100%        4    #####..
 Summon Mana Viper        Hex/Summ       #.......     100%        5    ######.
 Yara's Violent Unravell  Hex/Tmut       #.........   100%        5    ######.


Dungeon Overview and Level Annotations

Branches:
Dungeon (15/15)            Temple (1/1) D:6            Lair (6/6) D:10
  Swamp (4/4) Lair:4        Snake (4/4) Lair:4        Slime (5/5) Lair:5
    Orc (2/2) D:12            Elf (0/3) Orc:2        Vaults (0/5) D:13
 Depths (0/5) D:15        Gauntlet (visited)

Altars:
Ashenzari
Cheibriados
Dithmenos
Elyvilon
Fedhas
Gozag
Hepliaklqana
Kikubaaqudgha
Makhleb
Nemelex Xobeh
Okawaru
Qazlal
Ru
Sif Muna
Trog
Uskayaw
Vehumet
Wu Jian
Xom
Yredelemnul
Zin
The Shining One
Beogh

Shops:
D:8 :   D:12 [   D:13 ?}:=}   D:15 !   Orc:2 :=}*   Lair:1 [

Annotations:
D:4 2 transporters, Esekla's ghost, weakling OpWz
D:5 1 runed translucent door, PIKKUHERKKO's ghost, amateur HOMo
Lair:1 exclusion: 2 oklob plants
Lair:3 3 runed translucent doors, Siteim's ghost, journeyman MiAK
Lair:6 exclusion: 2 oklob plants
Slime:5 Royal Jelly


Innate Abilities, Weirdness & Mutations

You reflexively headbutt those who attack you in melee.
You have a pair of horns on your head.
You are partially covered in iridescent scales. (AC +2)
You tend to lose your temper in combat.
You are clumsy. (Dex -2)
You are dopey. (Int -2)
You occasionally shout uncontrollably at your foes.
You are weak. (Str -2)


Message History

You block the death ooze's attack.
The azure jelly hits you but does no damage.
The azure jelly closely misses you. The azure jelly completely misses you.
The azure jelly closely misses you.
Unknown command.
You slash the azure jelly! You drain the azure jelly.
The necklace of Bloodlust glows a violent red.
You kill the azure jelly!
That felt strangely unrewarding.
You slice the death ooze!!
You destroy the death ooze!
That felt strangely unrewarding.
Your plate armour "Ocveoc" prevents you from hitting the azure jelly.
You slash the slime creature! You drain the slime creature.
The azure jelly is no longer distracted by gold.
The azure jelly hits you but does no damage.
The azure jelly hits you.
* * * LOW HITPOINT WARNING * * *
The azure jelly freezes you! You resist.
You die...
Your body crumbles into a pile of gold.

#...................
####....................
#....<..................
........................
........................
........................
........................
...............J$.JJ....
..............##@$#.###
.............####J#
...........### #JJ# $
...........# ##J#$
.........###$ $ J# $
.......## $ ## ...... $
$ .## G#) J###


You could see the Royal Jelly (drained), an acid blob, 2 azure jellies, 2 slime
creatures and 2 death oozes.

Vanquished Creatures
  3 acid blobs
  Frances (D:14)
  Donald (Snake:4)
  5 azure jellies
  8 nagarajas (Snake:4)
  An orc warlord (Orc:2)
  Nessos (D:15)
  A minotaur (Gauntlet)
  Snorg (D:13)
  3 fire dragons (Swamp:4)
  A yaktaur captain (D:13)
  6 death oozes (Slime:5)
  15 naga warriors
  A great orb of eyes (Slime:3)
  Harold (D:10)
  Erolcha (D:11)
  16 hydras
  Erica (Orc:1)
  A ghost crab (Swamp:4)
  A centaur warrior (D:14)
  A shambling mangrove (Swamp:4)
  8 anacondas
  5 alligators
  8 two-headed ogres
  A tengu warrior (D:13)
  3 death yaks (Lair:5)
  Urug (Lair:1)
  8 orc high priests (Orc:2)
  9 naga sharpshooters
  9 shock serpents
  4 unseen horrors
  A salamander mystic (Snake:3)
  4 sea snakes (Snake:1)
  4 swamp dragons
  A spriggan druid (Swamp:3)
  A glowing orange brain (D:15)
  A flayed ghost (D:11)
  9 naga ritualists
  A necromancer (D:14)
  An orc knight (D:14)
  A wolf spider zombie (D:15)
  A deep elf mage (D:15)
  3 lindwurms
  Pikel (D:6)
  9 salamanders
  12 mana vipers
  2 cyclopes
  15 ugly things
  An orc sorcerer (Orc:2)
  4 manticores
  An elephant (shapeshifter) (D:15)
  3 shining eyes
  5 guardian serpents
  26 black mambas
  29 naga magi
  Joseph (D:7)
  4 centaur zombies
  A torpor snail (Lair:6)
  A guardian serpent (shapeshifter) (D:15)
  A black mamba (shapeshifter) (D:15)
  13 spiny frogs
  3 gargoyles
  2 komodo dragons
  An efreet (D:13)
  A minotaur zombie (Gauntlet)
  A freezing wraith (D:15)
  3 yaktaurs
  14 hornets
  A meliai (shapeshifter) (D:15)
  4 polar bears
  3 meliai (Gauntlet)
  2 trolls
  5 tyrant leeches
  A dream sheep (Lair:6)
  Grinder (D:5)
  12 blink frogs
  25 slime creatures
  A dream sheep (shapeshifter) (Gauntlet)
  A snapping turtle (shapeshifter) (Gauntlet)
  5 bog bodies
  6 hippogriffs
  19 spriggans
  5 shadows
  Sigmund (D:5)
  6 flying skulls (Gauntlet)
  A vampire (D:12)
  4 fire bats (Swamp:4)
  2 wyverns
  3 wraiths
  A human (D:9)
  26 yaks
  Eustachio (D:5)
  7 vampire mosquitoes
  4 hogs (D:9)
  Menkaure (D:4)
  A basilisk (shapeshifter) (D:15)
  4 basilisks
  2 hungry ghosts
  3 steam dragons (Swamp:4)
  12 wargs
  A redback simulacrum (D:14)
  9 insubstantial wisps
  3 acid dragons
  38 nagas
  Duvessa (D:5)
  8 swamp worms
  10 water moccasins
  6 porcupines
  Purgy (D:4)
  2 eyes of draining
  2 ice beasts
  13 orc warriors
  6 swamp drakes
  3 sky beasts
  A hornet zombie (D:11)
  4 black bears
  13 ogres
  3 phantoms
  21 wolves
  4 boggarts (Lair:6)
  4 centaurs
  4 big kobolds
  10 crocodiles
  13 bullfrogs
  A wyvern skeleton (D:13)
  A water moccasin skeleton (D:6)
  6 scorpions
  Dowan (D:5)
  4 killer bees (D:11)
  5 wights (D:12)
  2 electric eels (Lair:1)
  8 howler monkeys
  10 crimson imps
  2 bullfrog zombies
  A quasit (D:13)
  10 hounds
  17 orc wizards
  40 orc priests
  Crazy Yiuf (D:4)
  A gnoll shaman (D:4)
  8 jellies
  2 bullfrog skeletons
  6 centaur skeletons
  Ijyb (D:4)
  5 iguanas
  12 worker ants
  A killer bee zombie (D:9)
  A hound zombie (D:11)
  7 worker ant zombies
  A howler monkey skeleton (D:11)
  5 adders
  5 gnolls (D:4)
  4 oozes (Lair:5)
  An adder zombie (D:9)
  An adder skeleton (D:4)
  3 worms
  6 dart slugs
  6 leopard geckos
  85 orcs
  8 giant cockroaches
  16 goblins
  9 hobgoblins
  8 jackals
  A quokka (D:6)
  2 ball pythons
  5 bats (D:1)
  8 frilled lizards
  31 kobolds
  A leopard gecko skeleton (D:5)
  8 rats
  A bush (D:4)
  3 fungi
  4 plants
1033 creatures vanquished.

Vanquished Creatures (others)
  2 hydras (Swamp:4)
  3 swamp dragons (Swamp:4)
  A lindwurm (Swamp:4)
  2 black mambas (Snake:2)
  A hornet (Swamp:4)
  A tyrant leech (Swamp:3)
  A spriggan (Swamp:4)
  A steam dragon (Swamp:4)
  A slave (D:6)
  6 swamp drakes (Swamp:4)
  A crimson imp (D:6)
  A hound (D:6)
  A bullfrog skeleton (D:6)
  6 fungi
  5 plants
33 creatures vanquished.

Grand Total: 1066 creatures vanquished

Notes
Turn   | Place    | Note
-------+----------+-------------------------------------------
     0 | D:1      | Flugslaktarn the Minotaur Fighter began the quest for the
                  | Orb.
     0 | D:1      | Reached XP level 1. HP: 19/19 MP: 0/0
    55 | D:1      | Reached XP level 2. HP: 26/27 MP: 1/1
   428 | D:1      | Reached XP level 3. HP: 33/33 MP: 2/2
   989 | D:2      | Found a shimmering blue altar of Sif Muna.
  1027 | D:2      | Gained mutation: You are frail. (-10% HP) [potion of
                  | mutation]
  1027 | D:2      | Gained mutation: Your mind is acute. (Int +2) [potion of
                  | mutation]
  1027 | D:2      | Gained mutation: You expend magic power (3 MP) to
                  | strengthen your wands. [potion of mutation]
  1027 | D:2      | Gained mutation: You can translocate small distances at
                  | will. [potion of mutation]
  1028 | D:2      | Lost mutation: You are frail. (-10% HP) [potion of
                  | mutation]
  1028 | D:2      | Lost mutation: You can translocate small distances at will.
                  | [potion of mutation]
  1028 | D:2      | Lost mutation: You expend magic power (3 MP) to strengthen
                  | your wands. [potion of mutation]
  1028 | D:2      | Lost mutation: Your mind is acute. (Int +2) [potion of
                  | mutation]
  1028 | D:2      | Gained mutation: Your mind is acute. (Int +2) [potion of
                  | mutation]
  1028 | D:2      | Gained mutation: You are agile. (Dex +2) [potion of
                  | mutation]
  1103 | D:2      | Reached XP level 4. HP: 40/40 MP: 3/3
  1432 | D:3      | Found a hazy altar of Hepliaklqana.
  1978 | D:4      | Found a transporter.
  1978 | D:4      | Found a transporter.
  1978 | D:4      | Noticed Esekla's ghost (weakling OpWz)
  1994 | D:4      | Reached XP level 5. HP: 45/47 MP: 4/4
  2054 | D:4      | Reached skill level 5 in Axes
  2215 | D:4      | Reached XP level 6. HP: 53/55 MP: 5/5
  2256 | D:4      | Noticed Menkaure
  2266 | D:4      | Killed Menkaure
  2266 | D:4      | Reached skill level 5 in Fighting
  2266 | D:4      | Reached skill level 5 in Armour
  2266 | D:4      | Reached skill level 5 in Shields
  2656 | D:4      | Noticed Ijyb
  2661 | D:4      | Killed Ijyb
  2738 | D:4      | Reached XP level 7. HP: 55/61 MP: 6/6
  2791 | D:4      | Noticed Purgy
  2796 | D:4      | Killed Purgy
  2984 | D:5      | Entered Level 5 of the Dungeon
  3102 | D:4      | Found a runed translucent door.
  3104 | D:4      | Noticed Crazy Yiuf
  3113 | D:4      | Killed Crazy Yiuf
  3237 | D:5      | Noticed Sigmund
  3258 | D:5      | Killed Sigmund
  3294 | D:5      | Noticed Dowan
  3294 | D:5      | Noticed Duvessa
  3308 | D:5      | Killed Dowan
  3308 | D:5      | Reached XP level 8. HP: 66/70 MP: 7/7
  3311 | D:5      | Killed Duvessa
  3582 | D:5      | Noticed Eustachio
  3595 | D:5      | Killed Eustachio
  3616 | D:5      | Noticed Grinder
  3619 | D:5      | Paralysed by Grinder for 7 turns
  3628 | D:5      | Killed Grinder
  3789 | D:5      | Found a runed translucent door.
  3866 | D:5      | Noticed PIKKUHERKKO's ghost (amateur HOMo)
  3948 | D:6      | Noticed Pikel
  3967 | D:6      | Killed Pikel
  3967 | D:6      | Reached XP level 9. HP: 79/79 MP: 8/8
  4057 | D:6      | Found a staircase to the Ecumenical Temple.
  4089 | Temple   | Entered the Ecumenical Temple
  4165 | Temple   | Became a worshipper of Gozag Ym Sagoz the Greedy
  4455 | D:6      | Noticed a cyclops
  4511 | D:6      | Reached skill level 10 in Axes
  4888 | D:7      | Killed an unseen horror
  5024 | D:7      | Found a snail-covered altar of Cheibriados.
  5144 | D:7      | You fall into a shaft and drop 2 floors!
  5144 | D:9      | Noticed a two-headed ogre
  5156 | D:9      | Killed a two-headed ogre
  5156 | D:9      | Reached XP level 10. HP: 71/90 MP: 9/9
  5262 | D:9      | Found a hide-covered altar of Uskayaw.
  5267 | D:9      | HP: 1/90 [orc warrior/+2 vorpal halberd (4)]
  5404 | D:7      | Noticed Joseph
  5428 | D:7      | Killed Joseph
  5725 | D:8      | Noticed a two-headed ogre
  5737 | D:8      | Killed a two-headed ogre
  5893 | D:8      | Found Rigis's Book Boutique.
  6800 | D:9      | Found a hazy altar of Hepliaklqana.
  7046 | D:9      | Reached XP level 11. HP: 94/99 MP: 10/10
  7287 | D:10     | Entered Level 10 of the Dungeon
  7469 | D:10     | Found a staircase to the Lair.
  7491 | D:10     | Reached skill level 10 in Armour
  7491 | D:10     | Reached skill level 10 in Shields
  7581 | D:10     | Reached skill level 10 in Fighting
  7725 | D:10     | Noticed a two-headed ogre
  7738 | D:10     | Killed a two-headed ogre
  7850 | D:10     | Noticed Harold
  7872 | D:10     | Killed Harold
  8248 | Lair:1   | Entered Level 1 of the Lair of Beasts
  8597 | Lair:1   | Noticed an oklob plant
  8597 | Lair:1   | Noticed an oklob plant
  8616 | Lair:1   | Noticed a five-headed hydra
  8632 | Lair:1   | Killed a seven-headed hydra
  8781 | D:11     | Noticed Erolcha
  8790 | D:11     | Killed Erolcha
  8816 | D:11     | Noticed a five-headed hydra
  8816 | D:11     | Noticed a brown ugly thing
  8832 | D:11     | Killed a nine-headed hydra
  8838 | D:11     | Killed a brown ugly thing
  8864 | D:11     | Reached XP level 12. HP: 64/110 MP: 11/11
  9278 | D:11     | Noticed a four-headed hydra
  9298 | D:11     | Killed a ten-headed hydra
  9530 | D:11     | Noticed a two-headed ogre
  9533 | D:11     | Noticed a two-headed ogre
  9538 | D:11     | Killed a two-headed ogre
  9547 | D:11     | Killed a two-headed ogre
  9547 | D:11     | Reached skill level 15 in Axes
  9876 | D:11     | Identified 2 scrolls of acquirement
  9877 | D:11     | Got the +3 broad axe "Romoewk" {drain, rPois rC+ Str-4}
 10084 | Lair:1   | Noticed Urug
 10101 | Lair:1   | Killed Urug
 10842 | Lair:2   | Found a gate leading to a gauntlet.
 10847 | Gauntlet | Entered a Gauntlet
 10847 | Gauntlet | Found a transporter.
 10847 | Gauntlet | Found a transporter.
 10847 | Gauntlet | Found the cursed necklace of Bloodlust {*Rage +Rage MR++
                  | Int-3 Slay+6 *Curse}
 10863 | Gauntlet | Found a transporter.
 10867 | Gauntlet | Found a transporter.
 10877 | Gauntlet | Found a transporter.
 10881 | Gauntlet | Found a transporter.
 10892 | Gauntlet | Noticed a great orb of eyes
 10893 | Gauntlet | Found a transporter.
 10934 | Gauntlet | Found a transporter.
 10934 | Gauntlet | Found a transporter.
 10978 | Gauntlet | Found a transporter.
 10982 | Gauntlet | Found a transporter.
 10992 | Gauntlet | Found a transporter.
 11397 | Gauntlet | Noticed a minotaur
 11406 | Gauntlet | Killed a minotaur
 11417 | Gauntlet | Identified the Papyrus of Moulding and the Entourage
 11489 | Lair:2   | Reached XP level 13. HP: 118/118 MP: 12/12
 11619 | Lair:2   | You fall into a shaft and drop 1 floor!
 12088 | Lair:3   | Found a runed translucent gate.
 12089 | Lair:3   | Found a runed translucent gate.
 12090 | Lair:3   | Found a runed translucent gate.
 12091 | Lair:3   | Noticed Siteim's ghost (journeyman MiAK)
 13302 | Lair:4   | Found a staircase to the Swamp.
 13360 | Lair:4   | Found a staircase to the Snake Pit.
 14385 | Lair:5   | Found a staircase to the Slime Pits.
 15056 | Lair:6   | Entered Level 6 of the Lair of Beasts
 15668 | Lair:6   | Reached XP level 14. HP: 129/129 MP: 13/13
 16898 | D:12     | Found a staircase to the Orcish Mines.
 16988 | D:12     | Found Bucseath's Armour Boutique.
 17373 | Orc:1    | Entered Level 1 of the Orcish Mines
 17373 | Orc:1    | Noticed Erica
 17386 | Orc:1    | Killed Erica
 17598 | Orc:2    | Entered Level 2 of the Orcish Mines
 17600 | Orc:2    | Noticed an orc warlord
 17624 | Orc:2    | Killed an orc warlord
 17979 | Orc:2    | Found Ubbo's Gadget Shoppe.
 18015 | Orc:2    | Found Kisois's General Store.
 18496 | Orc:2    | Found Pixic's Jewellery Boutique.
 18496 | Orc:2    | Found Wuirr's Book Shoppe.
 18518 | Orc:2    | Lost mutation: Your mind is acute. (Int +2) [a neqoxec]
 18912 | Orc:2    | Bought the ring "Fomemeg" {+Inv rPois Slay+5} for 715 gold
                  | pieces
 18942 | Orc:2    | Found a roughly hewn altar of Beogh.
 19205 | Orc:2    | Found a roughly hewn altar of Beogh.
 19458 | Orc:2    | Found a staircase to the Elven Halls.
 19618 | Orc:2    | Lost mutation: You are agile. (Dex +2) [potion of mutation]
 19618 | Orc:2    | Gained mutation: You tend to lose your temper in combat.
                  | [potion of mutation]
 19618 | Orc:2    | Gained mutation: You are partially covered in iridescent
                  | scales. (AC +2) [potion of mutation]
 19679 | Orc:2    | Bought a +4 ring of protection for 468 gold pieces
 19794 | D:13     | Found Inocoor's Gadget Shop.
 19816 | D:13     | Found Kuduck's Jewellery Shoppe.
 19966 | D:13     | Noticed Snorg
 19970 | D:13     | Reached skill level 1 in Dodging
 19972 | D:13     | Killed Snorg
 19972 | D:13     | Reached skill level 1 in Evocations
 20059 | D:13     | Found a gate to the Vaults.
 20202 | D:13     | Found Fanann's Gadget Shop.
 20210 | D:13     | Bought a tin of tremorstones (3/3) for 560 gold pieces
 20215 | D:13     | Found Waxoym's Book Shop.
 20435 | D:13     | Found Ysagem's Magic Scroll Shop.
 20590 | D:14     | Found a shadowy altar of Dithmenos.
 21125 | D:14     | Reached XP level 15. HP: 139/139 MP: 14/16
 21156 | D:14     | Found the ring of the Octopus King
 21156 | D:14     | Got a ring of the Octopus King
 21156 | D:14     | Got a crude platinum ring
 21364 | D:14     | Noticed Frances
 21371 | D:14     | Killed Frances
 21398 | D:15     | Entered Level 15 of the Dungeon
 21851 | D:15     | Noticed Nessos
 21866 | D:15     | Killed Nessos
 22315 | D:15     | Reached skill level 15 in Armour
 22361 | D:15     | Found a staircase to the Depths.
 22471 | D:15     | Reached skill level 15 in Fighting
 22516 | D:15     | Bought 2 potions of heal wounds for 180 gold pieces
 22516 | D:15     | Bought a potion of might for 72 gold pieces
 22516 | D:15     | Bought a potion of ambrosia for 144 gold pieces
 22730 | Swamp:1  | Entered Level 1 of the Swamp
 22735 | Swamp:1  | Reached skill level 15 in Shields
 22755 | Swamp:1  | Reached skill level 5 in Dodging
 23193 | Swamp:2  | Identified the ring of Amelioration {rElec rC+ Str+2 Dex+3
                  | SInv} (You found it on level 14 of the Dungeon)
 23195 | Swamp:2  | Identified a ring of the Octopus King {AC+1 EV+1 Str+1
                  | Int+1 Dex+1 Stlth+} (You found it on level 14 of the
                  | Dungeon)
 23387 | Swamp:3  | Reached skill level 5 in Evocations
 23848 | Swamp:4  | Entered Level 4 of the Swamp
 24687 | Swamp:4  | Reached XP level 16. HP: 127/150 MP: 19/19
 24846 | Swamp:4  | Got a pair of heavily runed gloves
 24862 | Swamp:4  | Identified the cursed +0 pair of gloves of the End {rF+}
                  | (You found it on level 4 of the Swamp)
 24979 | Swamp:4  | Got a decaying rune of Zot
 25220 | Snake:1  | Entered Level 1 of the Snake Pit
 25381 | Snake:1  | Found a stormy altar of Qazlal.
 25551 | Snake:2  | Found a flickering gateway to a bazaar.
 25563 | Bazaar   | Entered a bazaar
 25607 | Bazaar   | Found Kokess's Assorted Antiques.
 25611 | Bazaar   | Bought a potion of heal wounds for 85 gold pieces
 25622 | Bazaar   | Found Ocusicki's Magic Scroll Emporium.
 25622 | Bazaar   | Found Ryoro's Antique Weapon Shoppe.
 25632 | Bazaar   | Bought a scroll of enchant armour for 82 gold pieces
 25632 | Bazaar   | Bought a scroll of blinking for 82 gold pieces
 25632 | Bazaar   | Bought 2 scrolls of fog for 44 gold pieces
 25643 | Bazaar   | Found Jid Ruut's Antique Armour Shoppe.
 25647 | Bazaar   | Bought a jewelled plate armour for 728 gold pieces
 25688 | Bazaar   | Identified the +10 plate armour "Ocveoc" {*Slow rN+++ Int+6
                  | Dex-5} (You bought it in a shop in a bazaar)
 26867 | Snake:3  | Reached skill level 10 in Dodging
 26886 | Snake:4  | Entered Level 4 of the Snake Pit
 26961 | Snake:4  | Reached XP level 17. HP: 58/161 MP: 20/20
 27555 | Snake:4  | Noticed Donald
 27568 | Snake:4  | Killed Donald
 28344 | Snake:4  | Got a serpentine rune of Zot
 28828 | Slime:1  | Entered Level 1 of the Pits of Slime
 28830 | Slime:1  | Gained mutation: You are weak. (Str -2) [a shining eye]
 28845 | Slime:1  | Gained mutation: You are clumsy. (Dex -2) [a shining eye]
 28849 | Slime:1  | Gained mutation: You occasionally shout uncontrollably at
                  | your foes. [a shining eye]
 28852 | Slime:1  | Gained mutation: You are dopey. (Int -2) [a shining eye]
 28897 | Slime:1  | Noticed an acid blob
 28912 | Slime:1  | Killed an acid blob
 29326 | Slime:5  | Entered Level 5 of the Pits of Slime
 29336 | Slime:5  | Noticed an acid blob
 29339 | Slime:5  | Found the cursed +13 scythe of Curses {drain, *Curse}
 29342 | Slime:5  | Noticed an acid blob
 29342 | Slime:5  | Noticed the Royal Jelly
 29343 | Slime:5  | Killed an acid blob
 29349 | Slime:5  | Noticed an acid blob
 29369 | Slime:5  | Killed an acid blob
 29369 | Slime:5  | Reached XP level 18. HP: 13/171 MP: 18/21
 29369 | Slime:5  | HP: 12/256 [azure jelly[the Royal Jelly] (2)]
 29370 | Slime:5  | Slain by an azure jelly

Illustrated notes

Levels and vault maps discovered:
D:1:      dpeg_arrival_short_road, layout_basic,
          hangedman_decor_clover_reticule, skrybe_limestone_x
D:2:      layout_rooms, lemuel_blue_sif_altar, minmay_pentomino_pile
D:3:      layout_basic, lemuel_round_altar
D:4:      layout_loops_corners, gammafunk_ghost_mausoleum, first_ration,
          minmay_misc_feat_columns, uniq_menkaure, uniq_ijyb,
          uniq_crazy_yiuf_cottage, uniq_purgy
D:5:      layout_gridville, ebering_ghost_sewer_d, uniq_eustachio, uniq_duvessa,
          uniq_sigmund, uniq_grinder
D:6:      layout_basic, temple_green, lightli_corner_chamber, uniq_pikel
D:7:      layout_cave_pools, kennysheep_mini_moat, serial_column_ruins,
          column_ruins_grid_2, column_ruins_grid_4, column_ruins_columns_corner,
          uniq_joseph
D:8:      layout_loops_cross, serial_shops, shop
D:9:      layout_gridville, eat_drink_and_be_merry_uskayaw, serial_rivers,
          chequers_serial_rivers_marsh, chequers_serial_rivers_micro_b,
          chequers_serial_rivers_small_a, chequers_serial_rivers_small_a,
          chequers_serial_rivers_small_a, chequers_serial_rivers_small_3,
          basic_altar, grunt_livestock
D:10:     layout_rooms, erik_lair_orcish_takeover, minmay_unpleasant_kobolds,
          uniq_harold
D:11:     layout_loops_corners, minmay_three_doors, uniq_erolcha
D:12:     layout_irregular_city, david_orc_3, serial_shops, shop
D:13:     layout_rooms, david_vaults_2, serial_shops, shop, shop_statue, shop,
          nicolae_shop_trees, kennysheep_mini, uniq_snorg
D:14:     minmay_the_grid_triangle_9x9_recursive_2_mashed
          [minmay_the_grid_triangle_9x9_prize_top_heavy,
          minmay_the_grid_triangle_9x9_corruption,
          minmay_the_grid_triangle_9x9_from_above,
          minmay_the_grid_triangle_9x9_odd_lines], layout_loops_ring,
          enter_bailey_3, basic_altar, uniq_frances
D:15:     gammafunk_enter_depths_forms, layout_irregular_city,
          minmay_misc_feat_five, grunt_ministairs_14, uniq_nessos
Temple:   compressed_dpeg_circular_temple
Lair:1:   layout_gridlike, serial_bayou_shore_b, minmay_lair_oklob_chamber,
          grunt_megastairs_1, serial_bayou_shore_a, uniq_urug
Lair:2:   layout_misc_corridors, gauntlet_entry_generic, st_stairs_11,
          grunt_forest_stairs_clearing
Lair:3:   layout_loops_ring, gammafunk_ghost_necromancy,
          infiniplex_staircase_pool_2
Lair:4:   layout_long_grid, swamp_mist_pool, guppyfry_snake_entry_island
Lair:5:   layout_cave_pods, nicolae_slime_entry_slimehenge, st_stairs_9,
          lemuel_fruit_tree, serial_bayou_shore_b, grunt_megastairs_5
Lair:6:   minmay_lair_end_enchanted_forest, layout_cave_pods, disabler_island
Swamp:1:  layout_basic_swamp, portal_ice_cave_entry_dragon,
          evilmike_swamp_ruin_house_6
Swamp:2:  gammafunk_worm_tunnel, layout_falls_marsh,
          evilmike_swamp_ruin_house_5, infiniplex_staircase_pool
Swamp:3:  layout_basic_swamp, evilmike_swamp_ruin_rubble_2
Swamp:4:  swamp_fiery, layout_basic_swamp
Snake:1:  layout_basic, basic_altar, serial_shops, nicolae_shop_crystal,
          uniq_aizul
Snake:2:  layout_basic, serial_shops, bzr_firewalk
Snake:3:  layout_chambers, evilmike_ambush [evilmike_ambush_outer_basic,
          evilmike_ambush_inner_basic]
Snake:4:  snake_pit, layout_chambers, serial_shops, nicolae_shop_behind_doors,
          special_room, drop_trap, uniq_donald
Slime:1:  cheibrodos_slime_lost_civilization_2, layout_caves
Slime:2:  layout_caves, cheibrodos_slime_lost_civilization_5
Slime:3:  layout_caves
Slime:4:  layout_caves
Slime:5
Orc:1:    layout_diamond_mine, uniq_erica
Orc:2:    st_orc_town, layout_caves, david_defended_altar_orc

Skill      XL: |  1  2  3  4  5  6  7  8  9 10 11 12 13 14 15 16 17 |
---------------+----------------------------------------------------+-----
Axes           | 3 4 5 6 7 9 11 12 14 16 17 18 | 18.0
Fighting       | 4 5 6 7 8 9 11 12 13 14 15 17 18 | 18.6
Armour         | 4 5 6 7 8 9 11 12 13 14 15 17 18 | 18.7
Shields        | 4 5 6 7 8 9 11 12 13 14 15 | 15.0
Dodging        | 3 6 10 12 | 12.6
Evocations     | 2 5 6 |  6.0

Action                   |  1- 3 |  4- 6 |  7- 9 | 10-12 | 13-15 | 16-18 || total
-------------------------+-------+-------+-------+-------+-------+-------++-------
Melee: War axe           |    85 |   111 |   339 |   558 |       |       ||  1093
       Headbutt          |    13 |    20 |    87 |   185 |   246 |   111 ||   662
       Broad axe         |       |       |       |   124 |  1012 |   553 ||  1689
Invok: Potion Petition   |       |       |       |     2 |       |       ||     2
       Call Merchant     |       |       |       |     1 |     1 |       ||     2
Evoke: Wand              |       |       |     5 |    14 |     3 |     2 ||    24
       Tin of tremorston |       |       |       |       |       |     4 ||     4
  Use: Scroll            |     3 |     4 |       |    22 |    13 |     6 ||    48
       Potion            |     2 |       |     1 |     2 |     1 |     1 ||     7
 Stab: Distracted        |       |       |     1 |     9 |     3 |     3 ||    16
       Confused          |       |       |       |     2 |     2 |       ||     4
  Eat: Chunk             |     1 |     5 |     5 |       |       |       ||    11
       Ration            |       |       |     1 |    10 |    11 |     4 ||    26
Armor: Scale mail        |    38 |       |       |       |       |       ||    38
       Chain mail        |     9 |    46 |       |       |       |       ||    55
       Plate armour      |       |     5 |   186 |   360 |   460 |   316 ||  1327
Dodge: Dodged            |    29 |    24 |    34 |   113 |   194 |   178 ||   572
Block: Kite shield       |    47 |    65 |   129 |   403 |   587 |   392 ||  1623

Table legend:
 A = Non-vault XP
 B = Vault XP
 C = Vault XP percentage of total XP
 D = Non-vault monster count
 E = Vault monster count
 F = Vault count percentage of total count
                 A         B        C        D         E       F
            +---------+---------+-------+---------+---------+-------
      Total |  182683 |  108877 |  37.3 |     713 |     305 |  30.0
            +---------+---------+-------+---------+---------+-------
        D:1 |      61 |       0 |   0.0 |      35 |       0 |   0.0
        D:2 |      58 |      18 |  23.7 |      20 |       3 |  13.0
        D:3 |      48 |       0 |   0.0 |      19 |       0 |   0.0
        D:4 |     388 |     395 |  50.4 |      15 |       4 |  21.1
        D:5 |     769 |     915 |  54.3 |      17 |       5 |  22.7
        D:6 |     529 |     586 |  52.6 |      14 |       1 |   6.7
        D:7 |    1810 |     434 |  19.3 |      16 |       1 |   5.9
        D:8 |    1602 |       0 |   0.0 |      26 |       0 |   0.0
        D:9 |    2454 |     983 |  28.6 |      35 |       5 |  12.5
       D:10 |    2211 |    1588 |  41.8 |      29 |      13 |  31.0
       D:11 |    9387 |    1796 |  16.1 |      46 |       4 |   8.0
       D:12 |    4441 |     376 |   7.8 |      31 |       8 |  20.5
       D:13 |    4046 |    2935 |  42.0 |      21 |       4 |  16.0
       D:14 |    5887 |    7299 |  55.4 |      17 |      15 |  46.9
       D:15 |    9222 |    5806 |  38.6 |      19 |      12 |  38.7
     Lair:1 |    5426 |    1184 |  17.9 |      23 |       4 |  14.8
     Lair:2 |    2650 |    1274 |  32.5 |      15 |       7 |  31.8
     Lair:3 |    2935 |       0 |   0.0 |      12 |       0 |   0.0
     Lair:4 |    3993 |     492 |  11.0 |      13 |       3 |  18.8
     Lair:5 |    3867 |     289 |   7.0 |       6 |       7 |  53.8
     Lair:6 |    4525 |    9563 |  67.9 |      16 |      45 |  73.8
    Swamp:1 |    9263 |       0 |   0.0 |      26 |       0 |   0.0
    Swamp:2 |    1821 |       0 |   0.0 |      11 |       0 |   0.0
    Swamp:3 |    7200 |       0 |   0.0 |      16 |       0 |   0.0
    Swamp:4 |   11813 |    9956 |  45.7 |      32 |      16 |  33.3
    Snake:1 |    4701 |       0 |   0.0 |       9 |       0 |   0.0
    Snake:2 |   17598 |       0 |   0.0 |      33 |       0 |   0.0
    Snake:3 |   11784 |   11377 |  49.1 |      20 |      22 |  52.4
    Snake:4 |   28559 |   33242 |  53.8 |      52 |      44 |  45.8
    Slime:1 |    9114 |       0 |   0.0 |      17 |       0 |   0.0
    Slime:3 |    4910 |       0 |   0.0 |       4 |       0 |   0.0
    Slime:4 |     568 |       0 |   0.0 |       1 |       0 |   0.0
    Slime:5 |    3347 |    4402 |  56.8 |       3 |       3 |  50.0
      Orc:1 |     728 |     923 |  55.9 |       4 |       1 |  20.0
      Orc:2 |    4968 |    8614 |  63.4 |      40 |      65 |  61.9
   Gauntlet |       0 |    4430 | 100.0 |       0 |      13 | 100.0
            +---------+---------+-------+---------+---------+-------
